 Dungeon Crawl Stone Soup version 0.27-a0-1090-gb115f176c6 (webtiles) character file.

Game seed: 5430500649613899227

4454 kae the Thaumaturge (level 10, -5/73 HPs)
             Began as a Djinni Fire Elementalist on Apr 27, 2021.
             Was a Follower of Ru.
             Slain by an orc warrior
             ... wielding a +0 trident
              (12 damage)
             ... on level 10 of the Dungeon.
             The game lasted 00:11:55 (15548 turns).

kae the Thaumaturge (Djinni Fire Elementalist)     Turns: 15548, Time: 00:11:56

Health: -5/73      AC:  3    Str:  7    XL:     10   Next: 37%
Gold:   611        EV: 10    Int: 20    God:    Ru [*.....] SH:  0 Dex: 14

rFire    + + .     SeeInvis .   (no weapon)
rCold    x . .     Faith    .   (no shield)
rNeg     . . .     Spirit   .   a - +0 robe
rPois    ∞         Reflect  .   (no helmet)
rElec    .         Harm     .   (no cloak)
rCorr    .         Rampage  .   i - +0 pair of gloves
Will     +....                  (boots unavailable)
Stlth    +++.......             (no amulet)
HPRegen  0.22/turn              (no ring)
MPRegen  0.00/turn              (no ring)

@: flying
A: fire resistance 2, cold vulnerability 1, reduced EV 1, float, innate caster,
hp casting, extra vitality 1
a: Renounce Religion


You were on level 10 of the Dungeon.
You worshipped Ru.
Ru was aware of your devotion.
You visited 2 branches of the dungeon, and saw 11 of its levels.
You also visited: Ossuary.

You collected 611 gold pieces.

Inventory:

Missiles
 A - 7 atropa-tipped darts
 B - 8 boomerangs of dispersal
Armour
 a - a +0 robe (worn)
 i - a +0 pair of gloves (worn)
Jewellery
 b - an amulet of guardian spirit
 q - a ring of ice
Wands
 d - a wand of iceblast (9)
 t - a wand of paralysis (8)
 x - a wand of flame (14)
 C - a wand of charming (3)
Scrolls
 g - a scroll of vulnerability
 h - 2 scrolls of enchant weapon
 k - 2 scrolls of fear
 l - 3 scrolls of teleportation
 n - a scroll of fog
 p - 4 scrolls of noise
 s - a scroll of magic mapping
 y - 2 scrolls of identify
Potions
 c - 3 potions of haste
 e - 4 potions of curing
 f - a potion of heal wounds
 j - 3 potions of brilliance
 m - 2 potions of berserk rage
 o - 2 potions of attraction
 r - 4 potions of mutation
 u - a potion of invisibility
 v - a potion of lignification
 w - 3 potions of flight
 z - 2 potions of might


   Skills:
 + Level 6.5 Fighting
 + Level 7.5 Dodging
 + Level 6.2 Stealth
 * Level 8.4 Spellcasting


You couldn't memorise any spells.
You knew the following spells:

 Your Spells              Type           Power      Damage    Failure   Level
a - Foxfire               Conj/Fire      100%       2x1d9     1%          1
b - Conjure Flame         Conj/Fire      42%        6-21      1%          3
c - Inner Flame           Hex/Fire       42%        N/A       1%          3
d - Sticky Flame          Conj/Fire      42%        2d6       2%          4
e - Fireball              Conj/Fire      21%        3d10      7%          5
f - Magic Dart            Conj           100%       1d8       1%          1
g - Poisonous Vapours     Pois/Air       84%        N/A       1%          2
h - Call Imp              Summ           42%        N/A       1%          2
i - Leda's Liquefaction   Hex/Erth       21%        N/A       2%          4
Your spell library was empty.

Dungeon Overview and Level Annotations

Branches:
Dungeon (10/15)            Temple (1/1) D:6         Ossuary (visited)
   Lair: D:8-11         Orc: D:9-12

Altars:
Ashenzari
Cheibriados
Dithmenos
Elyvilon
Fedhas
Gozag
Hepliaklqana
Kikubaaqudgha
Makhleb
Nemelex Xobeh
Okawaru
Qazlal
Ru
Sif Muna
Trog
Uskayaw
Vehumet
Xom
Yredelemnul
Zin
The Shining One
Lugonu

Shops:
D:2 =

Annotations:
D:2 Natasha
D:7 2 transporters, Dowan, Duvessa
D:10 exclusion: death yak


Innate Abilities, Weirdness & Mutations

You are immune to poison.
Your flesh is very heat resistant. (rF++)
You are vulnerable to cold. (rC-)
You have somewhat slow reflexes. (EV -5)
You float through the air rather than walking.
You learn spells naturally, not from books.
Your magical power is your life essence.
You have superior vitality. (+4 HP)


Message History

You conjure some foxfire!
The foxfire hits the orc warrior but does no damage.
The foxfire hits the orc warrior but does no damage.
The foxfire hits the orc warrior.
The orc warrior is lightly wounded.
The orc warrior hits you with a +0 trident!
Things that are here:
a +0 dagger; a +0 robe; an orc corpse
Casting: Foxfire (safe; 1% risk of failure)
Confirm with . or Enter, or press ? or * to list all spells.
Aiming: Sticky Flame (dangerous; 2% risk of failure)
Press: ? - help, Shift-Dir - straight line, f - orc warrior
Aim: an orc warrior, wielding a +0 trident and wearing a +0 chain mail (lightly wounded, 100% to hit)
The sticky flame hits the orc warrior but does no damage.
The orc warrior is lightly wounded.
The orc warrior is covered in liquid flames!
The orc warrior burns!
The orc warrior hits you with a +0 trident!
Casting: Sticky Flame (dangerous; 2% risk of failure)
Confirm with . or Enter, or press ? or * to list all spells.
You conjure some foxfire!
The orc warrior burns!
The orc warrior hits you with a +0 trident!
The orc warrior burns!
The foxfire hits the orc warrior but does no damage.
The orc warrior is severely wounded.
The foxfire hits the orc warrior but does no damage.
The orc warrior is severely wounded.
The orc warrior hits you with a +0 trident!
Casting: Foxfire (safe; 1% risk of failure)
Confirm with . or Enter, or press ? or * to list all spells.
You conjure some foxfire!
The orc warrior burns!
The orc warrior hits you with a +0 trident!
* * * LOW HITPOINT WARNING * * *
The orc warrior burns!
The foxfire hits the orc warrior but does no damage.
The orc warrior is severely wounded.
The foxfire hits the orc warrior.
The orc warrior is almost dead.
The orc warrior hits you with a +0 trident!
You die...

#########.##.[##...###
#..##.###'#########.
#....................
#....................
#....................
#....................
#....................
#...........§§.......
#...........@........
..######+###o).##...
#..)# .. #.....
#....... #.........
#......... #.........
#.........


You could see an orc warrior (burning).

Vanquished Creatures
  A two-headed ogre (D:7)
  Psyche (D:8)
  A hornet (D:9)
  A wyvern (D:8)
  A steam dragon (D:8)
  An acid dragon (D:9)
  A water moccasin (D:7)
  3 orc warriors
  A black bear (D:7)
  A necrophage (D:4)
  4 ogres
  A centaur (D:3)
  A kobold brigand (D:9)
  5 bullfrogs
  An elf skeleton (D:7)
  4 scorpions
  4 water moccasin zombies (Ossuary)
  A wyvern zombie (D:7)
  5 howler monkeys
  3 centaur zombies
  A bullfrog zombie (D:7)
  A jelly (D:7)
  2 bullfrog skeletons
  A hound (D:4)
  A human zombie (D:7)
  2 orc priests
  A human skeleton (D:7)
  Natasha (D:2)
  2 centaur skeletons
  7 orc wizards
  A killer bee zombie (D:9)
  2 mummies (Ossuary)
  2 adders
  A river rat (D:10)
  2 white imps
  An ufetubus (D:5)
  9 adder zombies (Ossuary)
  4 dart slugs
  3 worms
  17 orcs
  7 ball pythons
  7 endoplasms
  A giant cockroach (D:4)
  5 gnoll zombies (Ossuary)
  6 goblins
  4 hobgoblins
  3 jackals (D:1)
  15 kobolds
  5 quokkas
  6 bats
  6 frilled lizards
  5 hobgoblin zombies (Ossuary)
  7 kobold zombies (Ossuary)
  3 orc skeletons (D:7)
  3 orc zombies (Ossuary)
  4 rats
189 creatures vanquished.

Vanquished Creatures (collateral kills)
  7 foxfires (D:2)
7 creatures vanquished.

Vanquished Creatures (others)
  An orc wizard (D:8)
  6 demonic plants (D:2)
  776 foxfires
  5 fungi (D:2)
  3 plants (D:2)
  4 withered plants (D:2)
795 creatures vanquished.

Grand Total: 991 creatures vanquished

Notes
Turn   | Place    | Note
-------+----------+-------------------------------------------
     0 | D:1      | kae the Djinni Fire Elementalist began the quest for the
                  | Orb.
     0 | D:1      | Reached XP level 1. HP: 15/15 MP: 0/0
   399 | D:1      | You are sucked into a shaft and drop 1 floor!
   421 | D:2      | Found a faded altar of an unknown god.
   621 | D:2      | Found Uluimmim's Jewellery Shop.
   669 | D:2      | Reached XP level 2. HP: 18/22 MP: 0/0
  1124 | D:1      | Reached skill level 3 in Spellcasting
  1350 | D:1      | Reached XP level 3. HP: 18/26 MP: 0/0
  1350 | D:1      | Learned a level 1 spell: Magic Dart
  1447 | D:1      | Reached skill level 1 in Fighting
  1769 | D:2      | Noticed Natasha
  1774 | D:2      | Killed Natasha
  1775 | D:2      | Reached XP level 4. HP: 23/32 MP: 0/0
  2399 | D:2      | Noticed Natasha
  3791 | D:3      | Noticed a centaur
  3797 | D:3      | Killed a centaur
  3798 | D:3      | Reached XP level 5. HP: 17/38 MP: 0/0
  3798 | D:3      | Learned a level 2 spell: Poisonous Vapours
  4256 | D:4      | Reached skill level 4 in Spellcasting
  4431 | D:4      | Noticed an ogre
  4437 | D:4      | Killed an ogre
  4438 | D:4      | Reached XP level 6. HP: 42/45 MP: 0/0
  4578 | D:4      | Noticed a necrophage
  4586 | D:4      | Killed a necrophage
  4587 | D:4      | Reached XP level 7. HP: 46/49 MP: 0/0
  4587 | D:4      | Learned a level 2 spell: Call Imp
  5246 | D:5      | Entered Level 5 of the Dungeon
  5422 | D:5      | Identified the +5 short sword of Massacring {vorpal, rF-
                  | rC++ Int+4 Dex+2}
  6065 | D:5      | Reached skill level 5 in Spellcasting
  6118 | D:5      | Found a hazy altar of Hepliaklqana.
  6118 | D:5      | Found a sparkling altar of Nemelex Xobeh.
  6131 | D:5      | Found a sacrificial altar of Ru.
  6708 | D:6      | Reached XP level 8. HP: 55/57 MP: 0/0
  6871 | D:6      | Found a staircase to the Ecumenical Temple.
  7401 | Temple   | Entered the Ecumenical Temple
  7768 | D:5      | Became a worshipper of Ru the Awakened
  7866 | D:7      | Reached skill level 5 in Dodging
  7928 | D:7      | Found a transporter.
  7929 | D:7      | Noticed a cyan ugly thing
  7929 | D:7      | Noticed a brown ugly thing
  7930 | D:7      | Found a transporter.
  7930 | D:7      | Found a corrupted altar of Lugonu.
  7930 | D:7      | Noticed a red ugly thing
  7931 | D:7      | Noticed Duvessa
  7932 | D:7      | Noticed Dowan
  8062 | D:7      | Found a sand-covered staircase.
  8078 | Ossuary  | Entered an ossuary
  8491 | Ossuary  | Reached skill level 6 in Spellcasting
  8507 | Ossuary  | HP: 2/58 [water moccasin zombie (5)]
  9629 | D:7      | Noticed a two-headed ogre
  9658 | D:7      | HP: 1/58 [two-headed ogre/+0 giant spiked club (21)]
  9660 | D:7      | Killed a two-headed ogre
  9661 | D:7      | Reached skill level 5 in Fighting
  9661 | D:7      | Reached skill level 5 in Stealth
  9661 | D:7      | Reached skill level 7 in Spellcasting
  9661 | D:7      | Reached XP level 9. HP: 2/65 MP: 0/0
  9661 | D:7      | Learned a level 4 spell: Leda's Liquefaction
  9688 | D:7      | HP: 3/65 [scorpion (10)]
 10695 | D:8      | Gained mutation: You have somewhat slow reflexes. (EV -5)
                  | [Ru sacrifice]
 10695 | D:8      | Reached * piety under Ru
 10697 | D:8      | Found a white marble altar of Elyvilon.
 10888 | D:8      | Noticed Psyche
 10966 | D:8      | Killed Psyche
 11486 | D:8      | Reached XP level 10. HP: 70/72 MP: 0/0
 12006 | D:9      | Reached skill level 8 in Spellcasting
 14427 | D:9      | Found a blossoming altar of Fedhas.
 15055 | D:8      | Noticed a cyclops
 15328 | D:10     | Entered Level 10 of the Dungeon
 15330 | D:10     | Noticed a death yak
 15548 | D:10     | Slain by an orc warrior

Illustrated notes

Levels and vault maps discovered:
D:1:      wander_arrival_peaceful_grave, layout_loops_ring, minmay_hexomino_c4
D:2:      layout_loops_ring, serial_shops, nicolae_shop_waterfront,
          shapermc_ecumenical_altar_gd, uniq_natasha
D:3:      layout_basic
D:4:      layout_layer_cave
D:5:      layout_loops_ring, minmay_overflow_temple_star_hex,
          hangedman_decor_slide_cut
D:6:      layout_basic, minmay_temple_entry_overgrown, serial_curves,
          eino_curves_01, eino_curves_04
D:7:      gammafunk_corrupted_shrine, layout_rooms,
          nicolae_ossuary_entry_catacombs, corexii_leaking_fountain,
          uniq_duvessa
D:8:      cheibrodos_elevator_heist, layout_loops_ring, amcnicky_altar_gilded,
          uniq_psyche
D:9:      layout_loops_ring, lemuel_doored_altar, grunt_ministairs_1
D:10:     kennysheep_windowed_halls, layout_gridville,
          pdpol_wu_jian_five_deadly_venoms, dpeg_lair_monsters, david_orc_4
Temple:   dpeg_chambers_temple

Skill      XL: |  1  2  3  4  5  6  7  8  9 10 |
---------------+-------------------------------+-----
Spellcasting   | 3 4 5 7 8 |  8.4
Fighting       | 1 2 3 5 6 |  6.5
Stealth        | 2 3 5 6 |  6.2
Dodging        | 3 4 6 7 |  7.5

Action                   |  1- 3 |  4- 6 |  7- 9 | 10-12 || total
-------------------------+-------+-------+-------+-------++-------
Melee: Unarmed           |     3 |    12 |    20 |     2 ||    37
 Cast: Foxfire           |    76 |    83 |   213 |    81 ||   453
       Sticky Flame      |       |     1 |    15 |    23 ||    39
       Conjure Flame     |       |       |     5 |       ||     5
       Magic Dart        |       |       |       |     4 ||     4
       Fireball          |       |       |       |     3 ||     3
       Leda's Liquefacti |       |       |       |     1 ||     1
Invok: Sacrifice Health  |       |       |     1 |       ||     1
  Use: Scroll            |     4 |     5 |    14 |     4 ||    27
       Potion            |       |       |     2 |       ||     2
Armor: Robe              |     2 |     5 |    31 |    22 ||    60
Dodge: Dodged            |    12 |     8 |   117 |    51 ||   188

Table legend: (Time is in decaauts)
 A = Elapsed time spent in this place.
 B = Non-inter-level travel time spent in this place.
 C = Inter-level travel time spent in this place.
 D = Time resting spent in this place.
 E = Time spent auto-exploring this place.
 F = Levels seen in this place.
 G = Mean time per level.
                   A        B        C        D        E       F      G
               +--------+--------+--------+--------+--------+-----+--------+
         Total |  15557 |  14921 |    636 |   1634 |  11655 |  12 | 1296.4 |
       Dungeon |  14403 |  13791 |    612 |   1583 |  10767 |  10 | 1440.3 |
        Temple |    232 |    209 |     23 |      0 |    209 |   1 |  232.0 |
       Ossuary |    921 |    921 |      0 |     51 |    679 |   1 |  921.0 |
               +--------+--------+--------+--------+--------+-----+--------+

Top non-repeatable levels by time:
     D:8: 2744 daAuts
     D:9: 1930 daAuts
     D:7: 1812 daAuts
     D:1: 1487 daAuts
     D:3: 1299 daAuts
     D:6: 1274 daAuts
     D:2: 1230 daAuts
     D:4: 1228 daAuts
     D:5: 1175 daAuts
 Ossuary: 921 daAuts
  Temple: 232 daAuts
    D:10: 219 daAuts
